[Event "Titled Tuesday Blitz January 10 Late 2023"]
[White "Karas, Marek"]
[Black "Injac, Teodora"]
[WhiteFideId "14928558"]
[BlackFideId "932400"]
[WhiteElo "2227"]
[BlackElo "2391"]
[Result "1/2-1/2"]
[Round "04"]
[TimeControl "180+2"]
[Date "2023.01.10"]
[WhiteClock "0:00:08"]
[BlackClock "0:00:03"]

1. h4 d5 2. d4 Nf6 3. Bf4 c5 4. dxc5 Nc6 5. Nf3 g6 6. e3 Bg7 7. c3 a5 8. Be2 O-O 9. Ne5 Ne4 10. Nxc6 bxc6 11. h5 e5 12. Bh2 Rb8 13. hxg6 fxg6 14. Bf3 Nxc5 15. b3 Bf5 16. O-O Rb7 17. Bg4 Rbf7 18. Nd2 Bd3 19. Be2 e4 20. Rc1 Bxe2 21. Qxe2 Nd3 22. Bg3 h5 23. f3 h4 24. Bh2 Nxc1 25. Rxc1 exf3 26. Nxf3 h3 27. Rf1 hxg2 28. Qxg2 Qe7 29. Bf4 Qe4 30. Ng5 Qxg2+ 31. Kxg2 Re7 32. Rc1 Be5 33. Kf3 Bxf4 34. exf4 Rfe8 35. Rc2 Re3+ 36. Kf2 Rd3 37. c4 d4 38. Nf3 Ree3 39. Nxd4 Rh3 40. Kg2 Rdg3+ 41. Kf2 Rg4 42. Ne2 Rh2+ 43. Ke3 Rgg2 44. Rd2 Kf7 45. a3 c5 46. Rd7+ Ke8 47. Rd2 Ke7 48. Rc2 Rf2 49. Rd2 Rfg2 50. Rc2 Rf2 51. Rd2 Rfg2 1/2-1/2


[Site "https://www.chess.com"]

[Event "Titled Tuesday Blitz January 10 Late 2023"]
[White "Yurovskykh, Oleksandr"]
[Black "Ruiz Castillo, Joshua Daniel"]
[WhiteFideId "14134020"]
[BlackFideId "4400704"]
[WhiteElo "2328"]
[BlackElo "2459"]
[Result "1-0"]
[Round "04"]
[TimeControl "180+2"]
[Date "2023.01.10"]
[WhiteClock "0:00:15"]
[BlackClock "0:00:11"]

1. d4 d5 2. Bf4 Nf6 3. e3 c5 4. c3 Qb6 5. Qb3 c4 6. Qxb6 axb6 7. Nd2 Nc6 8. a3 b5 9. Rc1 h6 10. h3 g5 11. Bh2 Bf5 12. Be2 e6 13. Ngf3 Kd7 14. O-O Bd6 15. Ne5+ Ke7 16. Rfe1 Nd7 17. Nxd7 Kxd7 18. Bxd6 Kxd6 19. Bf3 Bd3 20. e4 f5 21. exd5 exd5 22. Be2 Rhe8 23. Bf1 Bxf1 24. Nxf1 Re4 25. Ne3 Rf8 26. f3 Re6 27. Nc2 Rfe8 28. Kf2 f4 29. Rxe6+ Rxe6 30. Re1 Rxe1 31. Kxe1 Ne7 32. Kf2 Ke6 33. Ke1 Nc8 34. Nb4 Nb6 35. Kd1 h5 36. Na2 Kf5 37. Nc1 g4 38. hxg4+ hxg4 39. fxg4+ Kxg4 40. Ne2 Nc8 41. Ke1 Kf5 42. Ng1 Ke4 43. Ke2 Nb6 44. Kd2 Na4 45. Kc2 Ke3 46. Nh3 Nb6 47. Ng5 Nc8 48. Ne6 Ne7 49. Kd1 Ng6 50. Ke1 Kd3 51. Kd1 Ke3 52. Ke1 Nh4 53. Kf1 Nf5 54. Nc7 Ng3+ 55. Ke1 Ke4 56. Nxb5 Nf5 57. Ke2 Ne3 58. Nd6# 1-0


[Site "https://www.chess.com"]

[Event "Titled Tuesday Blitz January 10 Late 2023"]
[White "Costachi, Mihnea"]
[Black "Tokhirjonova, Gulrukhbegim"]
[WhiteFideId "1217518"]
[BlackFideId "14203626"]
[WhiteElo "2476"]
[BlackElo "2340"]
[Result "1-0"]
[Round "04"]
[TimeControl "180+2"]
[Date "2023.01.10"]
[WhiteClock "0:00:23"]
[BlackClock "0:00:03"]

1. e4 e5 2. f4 exf4 3. Nf3 d5 4. e5 d4 5. Bc4 Nc6 6. d3 Nge7 7. Bxf4 Ng6 8. Bg3 Be7 9. O-O O-O 10. Nbd2 Bg4 11. h3 Be6 12. Qe2 Qd7 13. Rf2 Rae8 14. Raf1 Bxc4 15. Nxc4 b5 16. Ncd2 Bd6 17. Ne4 Ngxe5 18. Nxe5 Bxe5 19. Qh5 Bxg3 20. Nxg3 Re5 21. Rf5 g6 22. Qg4 Qe7 23. Ne4 Kg7 24. Rf6 Re6 25. Qh4 Rxf6 26. Rxf6 h6 27. Qf2 Ne5 28. Qxd4 Rd8 29. Qxa7 Nc4 30. Rc6 Rd7 31. Qf2 Ne5 32. Rf6 c6 33. a3 b4 34. a4 b3 35. a5 bxc2 36. Qxc2 Nxd3 37. Qc3 Ne5 38. a6 Rd1+ 39. Rf1 Rd3 40. Qc5 Qc7 41. a7 Rd8 42. Ra1 Ra8 43. Nd6 Nd7 44. Qd4+ Kg8 45. Kh1 c5 46. Qd5 Rxa7 47. Qxf7+ Kh8 48. Qe8+ Kh7 49. Qe7+ Kh8 50. Nf7+ Kg7 51. Ng5+ 1-0


[Site "https://www.chess.com"]

[Event "Titled Tuesday Blitz January 10 Late 2023"]
[White "Lopez Mulet, Inigo"]
[Black "Domingo Nunez, Alejandro"]
[WhiteFideId "22235620"]
[BlackFideId "22245561"]
[WhiteElo "2403"]
[BlackElo "2338"]
[Result "1/2-1/2"]
[Round "04"]
[TimeControl "180+2"]
[Date "2023.01.10"]
[WhiteClock "0:02:00"]
[BlackClock "0:00:34"]

1. Nf3 Nf6 2. g3 g6 3. Bg2 Bg7 4. b3 O-O 5. Bb2 d6 6. O-O Nbd7 7. d4 c5 8. e3 Rb8 9. a4 b6 10. Nbd2 a6 11. Re1 b5 12. axb5 axb5 13. Qe2 Qb6 14. h3 Bb7 15. Kh2 Rfc8 16. Rec1 Ne4 17. Nxe4 Bxe4 18. dxc5 Qxc5 19. Bxg7 Kxg7 20. c4 Bxf3 21. Bxf3 Ne5 22. cxb5 Qxc1 23. Rxc1 Rxc1 24. Bc6 f6 25. Qd2 Rxc6 26. Qd5 Rc5 27. Qe6 Rb7 28. b6 Rb5 29. f4 Nf7 30. g4 R5xb6 31. Kg3 Rxb3 32. h4 R3b5 33. h5 gxh5 34. gxh5 Rxh5 35. Qg4+ Kh6 36. Qg8 e5 37. Qf8+ Kg6 38. Qg8+ Kh6 39. Qf8+ Kg6 40. Qg8+ Kh6 1/2-1/2


[Site "https://www.chess.com"]

[Event "Titled Tuesday Blitz January 10 Late 2023"]
[White "Stoleriu, George"]
[Black "Fiorito, Francisco"]
[WhiteFideId "1227505"]
[BlackFideId "180165"]
[WhiteElo "2390"]
[BlackElo "2305"]
[Result "0-1"]
[Round "04"]
[TimeControl "180+2"]
[Date "2023.01.10"]
[WhiteClock "0:02:33"]
[BlackClock "0:00:48"]

1. e4 c5 2. Nc3 Nc6 3. Bb5 Nd4 4. Bc4 g6 5. Nf3 Bg7 6. Nxd4 cxd4 7. Qf3 Nf6 8. e5 dxc3 9. dxc3 O-O 10. exf6 Bxf6 11. O-O Qc7 12. Bb3 Bg7 13. Bf4 d6 14. Rfe1 a5 15. a4 Rb8 16. Rad1 b6 17. Bd5 e6 18. Bc6 e5 19. Be3 Be6 20. Bd5 b5 21. axb5 Rxb5 22. b3 Qxc3 23. Bxe6 fxe6 24. Qe2 Rd5 25. Rxd5 exd5 26. Qb5 Qxe1+ 0-1


[Site "https://www.chess.com"]

[Event "Titled Tuesday Blitz January 10 Late 2023"]
[White "Martinez Ramirez, Lennis"]
[Black "Rangel, Daniel"]
[WhiteFideId "3509079"]
[BlackFideId "2124475"]
[WhiteElo "2426"]
[BlackElo "2207"]
[Result "1-0"]
[Round "04"]
[TimeControl "180+2"]
[Date "2023.01.10"]
[WhiteClock "0:00:19"]
[BlackClock "0:00:09"]

1. c4 Nf6 2. Nc3 e6 3. e4 d6 4. d4 Nbd7 5. f4 c5 6. d5 exd5 7. cxd5 g6 8. Nf3 Bg7 9. e5 dxe5 10. fxe5 Ng4 11. e6 fxe6 12. dxe6 Qe7 13. Bc4 O-O 14. Nd5 Qe8 15. Nc7 Qe7 16. Nxa8 Nde5 17. Bd5 Nxf3+ 18. gxf3 Qh4+ 19. Kd2 Qf2+ 20. Qe2 Qd4+ 21. Qd3 Qf2+ 22. Kd1 Bxe6 23. Bxe6+ Kh8 24. fxg4 Bf6 25. Rf1 1-0


[Site "https://www.chess.com"]

[Event "Titled Tuesday Blitz January 10 Late 2023"]
[White "Krishnan, Varun"]
[Black "Bazeev, German"]
[WhiteFideId "5054508"]
[BlackFideId "24119350"]
[WhiteElo "2341"]
[BlackElo "2369"]
[Result "0-1"]
[Round "04"]
[TimeControl "180+2"]
[Date "2023.01.10"]
[WhiteClock "0:00:09"]
[BlackClock "0:00:08"]

1. d4 Nf6 2. c4 e6 3. g3 d5 4. Bg2 Bb4+ 5. Bd2 Be7 6. Nf3 O-O 7. O-O c6 8. Qc2 Nbd7 9. b3 a5 10. Nc3 h6 11. e4 b6 12. Ne5 Bb7 13. Nxd7 Qxd7 14. e5 Ne8 15. Be3 Ba6 16. Ne2 Rc8 17. c5 bxc5 18. dxc5 Nc7 19. f4 f5 20. Rfe1 Bxe2 21. Qxe2 Rb8 22. Qd2 Rb4 23. Red1 Rfb8 24. Kh1 Qc8 25. Bd4 Nb5 26. Bf2 Nc7 27. Bf1 Qf8 28. Qc2 g5 29. Be1 Re4 30. Bg2 gxf4 31. Bxe4 fxe4 32. gxf4 Qxf4 33. Bg3 Qf3+ 34. Qg2 Qxg2+ 35. Kxg2 Nb5 36. Rac1 Rf8 37. Be1 Rf3 38. Bxa5 Bg5 39. Bd2 Kf7 40. a4 Nc7 41. Bxg5 hxg5 42. Rf1 g4 43. Rxf3+ gxf3+ 44. Kf2 Na6 45. Rb1 Nb4 46. a5 d4 47. Ra1 Nd3+ 48. Kg3 f2 49. a6 e3 50. a7 e2 51. a8=Q e1=Q 52. Ra7+ Kg6 53. Qg8+ Kf5 54. Rf7+ Ke4 55. Qg4+ Ke3 56. Rf3+ Kd2 57. Qg5+ Kc2 58. Kh3 f1=Q+ 59. Rxf1 Qxf1+ 60. Kh4 Qe1+ 61. Kh5 Qxe5 62. Qxe5 Nxe5 63. Kg5 d3 64. Kf4 d2 65. Kxe5 d1=Q 66. Kxe6 Qd5+ 67. Ke7 Kxb3 68. h4 Ka4 69. Kf6 Qh5 70. Ke6 Kb5 71. Kd6 Qxh4 72. Ke6 Qc4+ 0-1


[Site "https://www.chess.com"]

[Event "Titled Tuesday Blitz January 10 Late 2023"]
[White "Tristan, Leonardo"]
[Black "Ruperez Benito, Antonio"]
[WhiteFideId "113816"]
[BlackFideId "22245049"]
[WhiteElo "2545"]
[BlackElo "2307"]
[Result "1-0"]
[Round "04"]
[TimeControl "180+2"]
[Date "2023.01.10"]
[WhiteClock "0:02:27"]
[BlackClock "0:02:47"]

1. d4 e6 2. Nf3 Nf6 3. Bf4 d5 4. e3 Bd6 5. Nbd2 O-O 6. Bd3 c5 7. dxc5 Bxc5 8. O-O Bd6 9. Bg5 Nbd7 10. c4 Be7 11. Qc2 h6 12. Bh4 dxc4 13. Nxc4 a6 14. Rfd1 b5 15. Nce5 Bb7 16. Bxf6 1-0


[Site "https://www.chess.com"]

[Event "Titled Tuesday Blitz January 10 Late 2023"]
[White "TheKnightOfBosnia"]
[Black "Skvortsov, Andrei"]
[BlackFideId "24108600"]
[WhiteElo "2537"]
[BlackElo "2313"]
[Result "1/2-1/2"]
[Round "04"]
[TimeControl "180+2"]
[Date "2023.01.10"]
[WhiteClock "0:00:18"]
[BlackClock "0:00:12"]

1. e4 d5 2. exd5 Qxd5 3. Nc3 Qe5+ 4. Qe2 Nc6 5. Qxe5 Nxe5 6. d4 Nc6 7. Be3 Nb4 8. O-O-O c6 9. g3 Bf5 10. Rd2 O-O-O 11. a3 Nd5 12. Nxd5 cxd5 13. Bg2 Nf6 14. f3 h5 15. Bg5 Nd7 16. h4 f6 17. Be3 e6 18. Ne2 Nb6 19. Rdd1 Nc4 20. Bd2 Bd6 21. Bf4 Bxf4+ 22. Nxf4 Ne3 23. Rd2 e5 24. dxe5 fxe5 25. Nh3 Nxg2 26. Rxg2 e4 27. Ng5 Rhe8 28. fxe4 Bxe4 29. Nxe4 Rxe4 30. Rf1 Rg4 31. Rf5 g6 32. Rf7 Rd7 33. Rxd7 Kxd7 34. Kd2 g5 35. hxg5 h4 36. Ke3 h3 37. Rh2 Rxg3+ 38. Kf2 Rxg5 39. Rxh3 Kc6 40. Rc3+ Kd6 41. Rd3 b5 42. Ke2 Rg2+ 43. Kd1 a5 44. b3 Kc5 45. Kc1 d4 46. Kb2 Rg5 47. Rh3 Re5 48. Rh8 Re2 49. Rh3 a4 50. b4+ Kc4 51. Rh5 d3 52. Rc5+ Kd4 53. Kc1 Rxc2+ 54. Rxc2 dxc2 55. Kd2 c1=Q+ 56. Kxc1 Kc3 57. Kd1 Kb2 58. Kd2 Kb3 59. Kd3 Kxa3 60. Kc3 Ka2 61. Kc2 Ka1 62. Kc1 Ka2 63. Kc2 Ka3 64. Kc3 Ka2 65. Kc2 1/2-1/2


[Site "https://www.chess.com"]

[Event "Titled Tuesday Blitz January 10 Late 2023"]
[White "Dimitrov, Atanas"]
[Black "Berezin, Viktor"]
[WhiteFideId "2901315"]
[BlackFideId "14107872"]
[WhiteElo "2269"]
[BlackElo "2307"]
[Result "1-0"]
[Round "04"]
[TimeControl "180+2"]
[Date "2023.01.10"]
[WhiteClock "0:00:53"]
[BlackClock "0:00:02"]

1. Nf3 Nf6 2. c4 g6 3. Nc3 Bg7 4. e3 O-O 5. Be2 d6 6. O-O e5 7. b3 Nc6 8. Bb2 a6 9. d3 Rb8 10. Rc1 b5 11. cxb5 axb5 12. Nxb5 Rxb5 13. Rxc6 Bd7 14. Rc1 Ra5 15. a3 Qb8 16. b4 Ra7 17. Qc2 Rc8 18. d4 Bf5 19. Qb3 e4 20. Nd2 c5 21. dxc5 dxc5 22. b5 h5 23. h3 Rd8 24. Rfd1 Qc8 25. Bf1 Be6 26. Qc2 Rc7 27. Nc4 Bxc4 28. Bxc4 Rxd1+ 29. Rxd1 Rb7 30. a4 Qf5 31. Bxf6 Bxf6 32. Rd5 Qc8 33. Qxe4 Re7 34. Qd3 Kg7 35. b6 Rb7 36. Ba6 c4 37. Qe4 c3 38. Bxb7 Qxb7 39. Rd4 Qxb6 40. Rc4 Qa6 41. g3 Qb6 42. Kg2 Qb2 43. h4 Qa2 44. Qc6 Qb3 45. a5 Qa2 46. a6 Be5 47. Rxc3 Bxc3 48. Qxc3+ f6 49. Qc7+ Kh6 50. Qf4+ Kg7 51. Qc7+ Kh6 52. a7 Qd5+ 53. Kh2 Qd2 54. Qf4+ Kg7 55. a8=Q 1-0


[Site "https://www.chess.com"]

[Event "Titled Tuesday Blitz January 10 Late 2023"]
[White "Taghizadeh, Rayan"]
[Black "Barp, Alberto"]
[WhiteFideId "2054019"]
[BlackFideId "872555"]
[WhiteElo "2273"]
[BlackElo "2432"]
[Result "1-0"]
[Round "04"]
[TimeControl "180+2"]
[Date "2023.01.10"]
[WhiteClock "0:00:28"]
[BlackClock "0:00:54"]

1. b3 g6 2. Bb2 Nf6 3. Nf3 Bg7 4. e3 O-O 5. d4 d5 6. Be2 Nbd7 7. O-O c5 8. dxc5 Nxc5 9. Nbd2 b6 10. c4 Bb7 11. cxd5 Bxd5 12. Nc4 Rc8 13. Rc1 Qd7 14. Rc2 Rfd8 15. Qa1 Qb7 16. Rd1 Be4 17. Rcd2 Rxd2 18. Rxd2 Ne8 19. Bxg7 Nxg7 20. Qe5 f6 21. Qb2 Nge6 22. b4 Nd3 23. Rxd3 Rxc4 24. Rc3 Rxc3 25. Qxc3 Qc6 26. Qxc6 Bxc6 27. Bc4 Kf7 28. Nd4 Bd7 29. e4 f5 30. e5 h5 31. f4 h4 32. g3 hxg3 33. hxg3 Bc8 34. Kh2 Bd7 35. Kh3 Bc8 36. Kh4 Bd7 37. a3 Bc8 38. Bd5 Bd7 39. b5 Bc8 40. Bxe6+ Bxe6 41. Nxe6 Kxe6 42. Kg5 1-0


[Site "https://www.chess.com"]

[Event "Titled Tuesday Blitz January 10 Late 2023"]
[White "Danielyan, Vahe"]
[Black "Barrientos, Sergio E"]
[WhiteFideId "13304828"]
[BlackFideId "4401824"]
[WhiteElo "2346"]
[BlackElo "2479"]
[Result "0-1"]
[Round "04"]
[TimeControl "180+2"]
[Date "2023.01.10"]
[WhiteClock "0:00:16"]
[BlackClock "0:00:38"]

1. e4 c6 2. d4 d5 3. exd5 cxd5 4. Bd3 Nc6 5. c3 Qc7 6. Nf3 Bg4 7. O-O e6 8. h3 Bh5 9. Be3 Bd6 10. Nbd2 Nge7 11. Rc1 O-O 12. Qc2 Bg6 13. Bxg6 hxg6 14. Rfe1 Rac8 15. Qb1 b5 16. b4 Nf5 17. Nb3 Rfe8 18. Bd2 Bf8 19. Qd3 a6 20. a4 Nd6 21. a5 Nc4 22. Nc5 Bxc5 23. dxc5 Rcd8 24. Bg5 f6 25. Qxg6 Qf7 26. Qxf7+ Kxf7 27. Be3 e5 28. Rcd1 Rd7 29. Nd2 Nxe3 30. fxe3 Red8 31. Nf3 g5 32. Nh2 Kg6 33. g4 d4 34. exd4 exd4 35. cxd4 Nxd4 36. Kf2 Nc6 37. Rxd7 Rxd7 38. Re6 Nxb4 39. Nf3 Nd3+ 40. Ke3 Nxc5 41. Rc6 Rd3+ 42. Ke2 Rd5 43. Ke3 b4 44. Rb6 b3 45. h4 gxh4 46. g5 h3 47. Rxf6+ Kg7 48. Rh6 b2 49. Rb6 Rd3+ 50. Kf2 Rb3 0-1


[Site "https://www.chess.com"]

[Event "Titled Tuesday Blitz January 10 Late 2023"]
[White "Sai Krishna G V"]
[Black "reevecanada"]
[WhiteFideId "5028280"]
[WhiteElo "2384"]
[BlackElo "2497"]
[Result "1-0"]
[Round "04"]
[TimeControl "180+2"]
[Date "2023.01.10"]
[WhiteClock "0:01:06"]
[BlackClock "0:01:54"]

1. e4 c5 2. Nf3 d6 3. d4 cxd4 4. Nxd4 Nf6 5. Nc3 a6 6. Bg5 e6 7. f4 Be7 8. Qf3 h6 9. Bh4 Nbd7 10. O-O-O Qc7 11. g4 g5 12. fxg5 Ne5 13. Qg3 Nfxg4 14. gxh6 Bxh4 15. Qxh4 Qe7 16. Qg3 Rxh6 17. Be2 Qh4 18. Bxg4 Qxg4 19. Qe3 Rh3 20. Qd2 Nc4 21. Qf2 Qg5+ 22. Kb1 Qe3 23. Qf6 Nxb2 24. Rhg1 Rh7 25. Rg8+ Kd7 26. Qd8# 1-0


[Site "https://www.chess.com"]

[Event "Titled Tuesday Blitz January 10 Late 2023"]
[White "Hernandez Gonzalez, William"]
[Black "Fernandez Garcia, Gumersindo"]
[WhiteFideId "3509915"]
[BlackFideId "24516740"]
[WhiteElo "2489"]
[BlackElo "2160"]
[Result "1-0"]
[Round "04"]
[TimeControl "180+2"]
[Date "2023.01.10"]
[WhiteClock "0:01:49"]
[BlackClock "0:00:19"]

1. e4 c5 2. Nf3 g6 3. d4 cxd4 4. Qxd4 Nf6 5. e5 Nc6 6. Qa4 Nd5 7. Qb3 Nb6 8. a4 e6 9. Nc3 h6 10. a5 Nd5 11. Nxd5 exd5 12. Qxd5 Bg7 13. Bd2 O-O 14. Bc3 Re8 15. Bc4 Qe7 16. O-O Qe6 17. Qc5 Qe7 18. Qxe7 Rxe7 19. Rfe1 Kf8 20. Rad1 b6 21. a6 Ke8 22. b4 Nd8 23. b5 Ne6 24. Bd5 Rb8 25. Bb4 Bf8 26. Bd6 1-0


[Site "https://www.chess.com"]

[Event "Titled Tuesday Blitz January 10 Late 2023"]
[White "Bochnicka, Vladimir"]
[Black "Tatarinov, Dmitry"]
[WhiteFideId "14943450"]
[BlackFideId "24160067"]
[WhiteElo "2327"]
[BlackElo "2310"]
[Result "0-1"]
[Round "04"]
[TimeControl "180+2"]
[Date "2023.01.10"]
[WhiteClock "0:00:17"]
[BlackClock "0:01:54"]

1. e4 c6 2. d4 d5 3. e5 Bf5 4. h4 h6 5. g4 Bd7 6. Nc3 e6 7. Bd3 c5 8. Nf3 cxd4 9. Nxd4 Nc6 10. Nxc6 Bxc6 11. Bf4 h5 12. gxh5 Ne7 13. Bg5 Qb6 14. Bxe7 Bxe7 15. Qd2 Rxh5 16. O-O-O Rxe5 17. f4 Rh5 18. f5 O-O-O 19. fxe6 fxe6 20. Rhg1 Bf6 21. Qe2 Re5 22. Qg4 Kb8 23. Rde1 Rxe1+ 24. Rxe1 e5 25. h5 e4 26. Be2 Qe3+ 27. Kb1 d4 28. Nd1 Qd2 29. Rf1 d3 30. cxd3 exd3 31. Qf4+ Qxf4 0-1


[Site "https://www.chess.com"]

[Event "Titled Tuesday Blitz January 10 Late 2023"]
[White "Kaplan, Avi Harrison"]
[Black "Volkov, Maksim"]
[WhiteFideId "30934559"]
[BlackFideId "54123070"]
[WhiteElo "2146"]
[BlackElo "2258"]
[Result "1-0"]
[Round "04"]
[TimeControl "180+2"]
[Date "2023.01.10"]
[WhiteClock "0:00:15"]
[BlackClock "0:00:58"]

1. b3 e5 2. Bb2 Nc6 3. e3 Nf6 4. Nf3 e4 5. Nd4 d5 6. Bb5 Bd7 7. d3 Bb4+ 8. c3 Bd6 9. Bxc6 bxc6 10. h3 exd3 11. Qxd3 O-O 12. O-O Re8 13. c4 a5 14. Nc3 Ne4 15. Nxe4 dxe4 16. Qe2 Qg5 17. Kh1 Qh4 18. f4 a4 19. Kh2 Ra5 20. Qe1 Qh5 21. b4 Raa8 22. c5 Be7 23. a3 Bf6 24. Rd1 Rad8 25. Qd2 Be6 26. Qc2 Bb3 27. Nxb3 Rxd1 28. Qxd1 Qxd1 29. Rxd1 Bxb2 30. Na5 Bxa3 31. Nxc6 Bb2 32. b5 Bc3 33. b6 cxb6 34. cxb6 a3 35. b7 a2 36. Rd8 Rxd8 37. Nxd8 a1=Q 38. b8=Q Qb2 39. Nb7# 1-0


[Site "https://www.chess.com"]

[Event "Titled Tuesday Blitz January 10 Late 2023"]
[White "Urquhart, Ed"]
[Black "UnknownMagician"]
[WhiteFideId "2603748"]
[WhiteElo "2209"]
[BlackElo "2662"]
[Result "0-1"]
[Round "04"]
[TimeControl "180+2"]
[Date "2023.01.10"]
[WhiteClock "0:00:43"]
[BlackClock "0:01:08"]

1. e4 c6 2. Bc4 d5 3. Bb3 g6 4. exd5 cxd5 5. d4 Nc6 6. c3 Bh6 7. Bxh6 Nxh6 8. Nf3 O-O 9. O-O Bg4 10. Nbd2 Nf5 11. h3 Bxf3 12. Nxf3 e6 13. Re1 b5 14. Bc2 Nd6 15. Bd3 a5 16. Qe2 Rb8 17. Qe3 Kg7 18. Ne5 Nxe5 19. Qxe5+ Kg8 20. Re3 b4 21. Rg3 bxc3 22. bxc3 Rb6 23. Re1 Qh4 24. Rg4 Qh6 25. Re3 Qg7 26. Qf4 Rc8 27. Bc2 Nc4 28. Rf3 Rb2 29. Bb3 Nd2 30. Rd3 Nxb3 31. axb3 Rxb3 32. Qd6 Qf8 33. Qa6 Ra8 34. Qc6 a4 35. Rd1 a3 36. Rf4 a2 37. Rxf7 Kxf7 38. Re1 Rb1 39. Qxe6+ Kg7 40. Qe5+ Qf6 41. Qc7+ Kh8 0-1


[Site "https://www.chess.com"]

[Event "Titled Tuesday Blitz January 10 Late 2023"]
[White "Atanasov, Anthony"]
[Black "Novikov, Evgenij"]
[WhiteFideId "2623897"]
[BlackFideId "4125380"]
[WhiteElo "2368"]
[BlackElo "2276"]
[Result "0-1"]
[Round "04"]
[TimeControl "180+2"]
[Date "2023.01.10"]
[WhiteClock "0:01:40"]
[BlackClock "0:01:14"]

1. d4 d5 2. Bf4 Nf6 3. e3 c5 4. Nf3 cxd4 5. exd4 Nc6 6. Nbd2 Bg4 7. c3 e6 8. Qb3 Qc8 9. Bd3 Be7 10. O-O O-O 11. Rfe1 Bh5 12. Ne5 Nd7 13. Re3 Ncxe5 14. dxe5 Nc5 15. Qc2 Bg6 16. Bxg6 fxg6 17. Bg3 Bg5 18. Rf3 Bxd2 19. Rxf8+ Qxf8 20. Qxd2 Qf5 21. Rd1 b6 22. f3 g5 23. b4 Nd7 24. Qe2 Rc8 25. Qa6 Rc7 26. a4 g4 27. fxg4 Qxg4 28. Rf1 Qc4 29. b5 Nb8 0-1


[Site "https://www.chess.com"]

[Event "Titled Tuesday Blitz January 10 Late 2023"]
[White "Haydon, David L"]
[Black "Arencibia Monduy, Antonio"]
[WhiteFideId "415405"]
[BlackFideId "3507939"]
[WhiteElo "2253"]
[BlackElo "2122"]
[Result "1/2-1/2"]
[Round "04"]
[TimeControl "180+2"]
[Date "2023.01.10"]
[WhiteClock "0:02:02"]
[BlackClock "0:00:15"]

1. Nf3 d6 2. d4 Nf6 3. c4 g6 4. Nc3 Bg7 5. g3 O-O 6. Bg2 c5 7. O-O cxd4 8. Nxd4 a6 9. b3 Qc7 10. Bb2 Nc6 11. Rc1 Nxd4 12. Qxd4 Qc5 13. Qd2 Rb8 14. Rfd1 Qh5 15. f3 b5 16. Nd5 Nxd5 17. Bxg7 Kxg7 18. cxd5 Bb7 19. Rc7 Rfe8 20. Qd4+ Kg8 21. e4 Bc8 22. Qa7 Bh3 23. Rxe7 Bxg2 24. Kxg2 Rbc8 25. Rd2 Rxe7 26. Qxe7 Rc3 27. Rf2 Qe5 28. Qxe5 dxe5 29. Rd2 Kf8 30. Kf2 Ke7 31. Ke2 Kd6 32. f4 f6 33. fxe5+ fxe5 34. Kd1 Re3 35. Re2 Rd3+ 36. Kc2 Rd4 37. a3 a5 38. Re3 b4 39. axb4 axb4 40. h4 h6 41. Rf3 Rxe4 42. Rf6+ Kxd5 43. Rxg6 Re3 44. g4 Rc3+ 45. Kb2 Rg3 46. Rxh6 Rxg4 47. h5 Rh4 48. Rb6 Rxh5 49. Rxb4 Rh2+ 50. Kc3 e4 51. Rb5+ Kc6 52. Re5 Rh3+ 53. Kc4 e3 54. b4 Kd6 55. Re4 Kc6 56. Re6+ Kc7 57. Re4 Kc6 58. b5+ Kc7 59. Re5 Rh4+ 60. Kc5 Rh3 61. b6+ Kc8 62. Re6 Rh5+ 63. Kc6 Rh8 64. Rxe3 Rh6+ 65. Kb5 Rh1 66. Re8+ Kb7 67. Re7+ Kb8 68. Rg7 Rb1+ 69. Kc6 Rc1+ 70. Kd6 Rd1+ 71. Kc5 Rc1+ 72. Kb5 Rb1+ 73. Kc6 Rc1+ 74. Kd6 Rd1+ 75. Ke5 Re1+ 76. Kd4 Rd1+ 77. Kc3 Rb1 78. Rg6 Kb7 79. Kc2 Rxb6 80. Rg7+ Ka6 81. Kc3 Rc6+ 82. Kb4 Rh6 83. Kc5 Rh5+ 84. Kd6 Rh6+ 85. Kc7 Rh4 86. Rg6+ Kb5 87. Rg5+ Kb4 88. Kb6 Rh6+ 89. Kc7 Rh7+ 90. Kd6 Rh6+ 91. Kd5 Rb6 92. Rg4+ Kb5 93. Rg2 Rh6 94. Rb2+ Ka5 95. Ra2+ Kb5 96. Rg2 Rh5+ 97. Ke6 Rh6+ 98. Kf5 Rh5+ 99. Kg4 Rc5 100. Rb2+ Kc6 101. Kf4 Rc4+ 102. Ke5 Rc5+ 103. Ke6 Rb5 104. Rc2+ Kb6 105. Kd6 Rb3 106. Rc6+ Kb5 107. Rc5+ Kb4 108. Rd5 Rc3 109. Rd4+ Kb5 110. Rd1 Rc6+ 111. Kd5 Rc5+ 112. Kd4 Rc4+ 113. Kd3 Rh4 114. Rb1+ Kc5 115. Rc1+ Kd5 116. Rg1 Rh3+ 117. Ke2 Ke4 118. Rg4+ Kf5 119. Ra4 Rh2+ 120. Kf3 Rh3+ 121. Kg2 Rb3 122. Ra5+ Ke6 123. Kf2 Kd6 124. Ke2 Kc6 125. Kd2 Rb5 126. Ra6+ Rb6 127. Ra3 Rb5 128. Kd3 Rd5+ 129. Kc4 Rc5+ 1/2-1/2


[Site "https://www.chess.com"]

[Event "Titled Tuesday Blitz January 10 Late 2023"]
[White "Hamley, Ryan"]
[Black "Huber, Benedikt"]
[WhiteFideId "30959497"]
[BlackFideId "12923583"]
[WhiteElo "2092"]
[BlackElo "2272"]
[Result "1-0"]
[Round "04"]
[TimeControl "180+2"]
[Date "2023.01.10"]
[WhiteClock "0:01:33"]
[BlackClock "0:00:16"]

1. d4 e6 2. c4 f5 3. g3 Nf6 4. Bg2 Be7 5. Nf3 O-O 6. O-O d6 7. Nc3 Ne4 8. Qc2 Nxc3 9. Qxc3 Bf6 10. Qc2 e5 11. dxe5 dxe5 12. e4 Nc6 13. exf5 Qe7 14. Re1 Bd7 15. g4 Nb4 16. Qb3 e4 17. c5+ Qf7 18. Qxb4 exf3 19. Bxf3 Rae8 20. Bf4 b6 21. c6 Bc8 22. Kg2 h5 23. h3 Bh4 24. Qd4 Rd8 25. Qe5 g6 26. Qxc7 gxf5 27. Qxf7+ Rxf7 28. gxh5 Rd4 29. Re8+ Kh7 30. Be5 Rd2 31. Rh8# 1-0


[Site "https://www.chess.com"]

[Event "Titled Tuesday Blitz January 10 Late 2023"]
[White "Lopez Gracia, Fernando"]
[Black "Hsu, Li Yang"]
[WhiteFideId "2207184"]
[BlackFideId "5800080"]
[WhiteElo "2255"]
[BlackElo "2427"]
[Result "1-0"]
[Round "04"]
[TimeControl "180+2"]
[Date "2023.01.10"]
[WhiteClock "0:00:21"]
[BlackClock "0:00:07"]

1. c4 Nf6 2. Nc3 g6 3. e4 d6 4. d4 Bg7 5. Be2 e5 6. d5 a5 7. Nf3 Na6 8. Be3 Nd7 9. Nd2 Ndc5 10. h4 f5 11. exf5 Bxf5 12. g4 Bd3 13. Nf3 e4 14. Nd4 Bxe2 15. Qxe2 Qe7 16. O-O-O Nb4 17. Kb1 Nbd3 18. Ndb5 a4 19. Bxc5 Nxc5 20. Nxe4 Qxe4+ 21. Qxe4+ Nxe4 22. Rhe1 O-O 23. Rxe4 Rxf2 24. Nd4 a3 25. bxa3 Rxa3 26. Nc2 Rc3 27. Rc1 Be5 28. Nd4 Rd3 29. Nc2 Rdd2 30. c5 Rh2 31. cxd6 cxd6 32. g5 Rdf2 33. Rc4 b5 34. Rc7 Rxh4 35. Re1 Rhh2 36. Rxe5 dxe5 37. d6 Rxc2 38. d7 1-0


[Site "https://www.chess.com"]

[Event "Titled Tuesday Blitz January 10 Late 2023"]
[White "Dudzinski, Pawel"]
[Black "Tologon tegin, Semetei"]
[WhiteFideId "1117890"]
[BlackFideId "13800574"]
[WhiteElo "2186"]
[BlackElo "2372"]
[Result "0-1"]
[Round "04"]
[TimeControl "180+2"]
[Date "2023.01.10"]
[WhiteClock "0:00:13"]
[BlackClock "0:00:07"]

1. e4 c6 2. d4 d5 3. exd5 cxd5 4. Bd3 Nf6 5. h3 Nc6 6. c3 g6 7. Nf3 Bf5 8. O-O Bxd3 9. Qxd3 Bg7 10. Re1 Ne4 11. Nbd2 f5 12. c4 e6 13. cxd5 exd5 14. Qb3 Qd7 15. Nxe4 fxe4 16. Ne5 Nxe5 17. dxe5 Bxe5 18. Be3 O-O 19. Rad1 Rad8 20. Bg5 Bf6 21. Bxf6 Rxf6 22. Rxe4 Qf7 23. Re2 d4 24. Re7 Qxb3 25. axb3 Rb6 26. Rd3 h5 27. h4 Rdd6 28. f3 Rb5 29. Kh2 Kf8 30. Rc7 a5 31. Kg3 b6 32. Rb7 Rf5 33. f4 Rc5 34. Kf3 Rc2 35. Rc7 Rxc7 36. g3 Re7 37. f5 Re3+ 38. Kf4 Rxd3 0-1


[Site "https://www.chess.com"]